 Dungeon Crawl Stone Soup version 0.16.1-16-gc44b35d (webtiles) character file.

823 ventricule the Carver (level 8, -14/58 HPs)
             Began as a Formicid Chaos Knight on Apr 17, 2015.
             Demolished by Prince Ribbit (19 damage)
             ... on level 5 of the Dungeon.
             The game lasted 00:09:18 (5397 turns).

ventricule the Carver (Formicid Chaos Knight)       Turns: 5397, Time: 00:09:21

Health: -14/58     AC:  8    Str: 18    XL:     8   Next: 17%
Magic:  11/11      EV: 11    Int: 11    God:    Xom [..*...]
Gold:   270        SH:  4    Dex: 12    Spells: 0 memorised, 7 levels left

rFire  + . .     SeeInvis +     a - +0 falchion (chaos)
rCold  + . .     Clarity  .     b - +3 leather armour
rNeg   . . .     SustAb   .     l - +0 buckler
rPois  +         Gourm    .     (helmet unavailable)
rElec  +         Spirit   .     j - +0 cloak
rCorr  +         Warding  .     i - +0 pair of gloves
rMut   .         Stasis   +     (no boots)
MR     .....                    (no amulet)
Stlth  +.........               (no ring)
                                q - ring of invisibility

@: resistant, not resistant to hostile enchantments, very unstealthy
A: permanent stasis, dig shafts and tunnels, four strong arms, antennae 3
a: Dig, Shaft Self, Renounce Religion, Evoke Invisibility


You were on level 5 of the Dungeon.
You worshipped Xom.
You were a toy of Xom.
You were not hungry.

You visited 1 branch of the dungeon, and saw 5 of its levels.

You collected 270 gold pieces.


Innate Abilities, Weirdness & Mutations

You are under a permanent stasis effect.
You can dig through walls and to a lower floor.
Your four strong arms can wield two-handed weapons with a shield.
You have a pair of large antennae on your head (SInv).


   Skills:
 - Level 3.2 Fighting
 + Level 8.9 Long Blades
 - Level 2.1 Armour
 - Level 0.8 Dodging
 - Level 2.3 Shields


You had 7 spell levels left.
You didn't know any spells.

Inventory:

Hand weapons
 a - a +0 falchion of chaos (weapon)
Armour
 b - a +3 leather armour (worn)
 i - a +0 pair of gloves (worn)
 j - a +0 cloak (worn)
 l - a +0 buckler (worn)
Jewellery
 m - an amulet of inaccuracy
 q - a ring of invisibility (left hand)
 u - a ring of teleportation
Scrolls
 d - a scroll of identify {@r1}
 g - 2 scrolls of fear
 n - a scroll of teleportation {@r4}
 o - a scroll of amnesia
 p - a scroll of magic mapping
 t - 3 scrolls of noise {!r}
Potions
 e - 4 potions of curing {@q1}
 f - a potion of restore abilities
 h - a potion of resistance
 k - a potion of poison {!q}
 s - a potion of haste {@q3}
Comestibles
 c - 7 bread rations
 r - a royal jelly

Dungeon Overview and Level Annotations

Branches:
Dungeon (5/15)
 Temple: D:4-7

Altars:
Makhleb

Annotations:
D:5 Prince Ribbit

.##..####.# .##.......#
.###.###### .# #.#
.###.###### ####
..........# #.. #
.###.####.## #.# ###.###
.#.........###.##.....>#
##.#.#..........aF.#,#.#
.(.#...##..###.##.## #.#
.####...#..# #...... #.#
...#.......# #########.#
##.........# #####.#
##.........#######.....#
...........#...........####
.##.#...##.#..............#
.##.#...##.#......(....##.#


You could see Prince Ribbit (berserk).


Message History

Drink which item? (? for menu, Esc to quit)
It was a potion of haste.
Your stasis keeps you stable.
Prince Ribbit blinks!
Drink which item? (? for menu, Esc to quit)
It was a potion of resistance.
You feel protected.
Xom roars with laughter!
Prince Ribbit blinks!
Drink which item? (? for menu, Esc to quit)
It was a potion of restore abilities.
You feel refreshed.
You closely miss Prince Ribbit.
Prince Ribbit is severely wounded.
Prince Ribbit blinks!
You aren't carrying any items that can be evoked.
Xom smiles on you.
You feel much better.
Prince Ribbit lets out a mournful croak.
Prince Ribbit hits you!
* * * LOW HITPOINT WARNING * * *
You slash Prince Ribbit!
Prince Ribbit goes berserk!
Prince Ribbit is almost dead.
Prince Ribbit closely misses you. Prince Ribbit hits you!!
* * * LOW HITPOINT WARNING * * *
You hit Prince Ribbit.
You feel better.
Prince Ribbit is almost dead.
Prince Ribbit hits you but does no damage.
You hit Prince Ribbit.
Prince Ribbit is almost dead.
Prince Ribbit hits you!!
You die...
Xom laughs nastily!

Action                   |  1- 3 |  4- 6 |  7- 9 || total
-------------------------+-------+-------+-------++-------
Melee: Falchion          |   132 |   166 |   163 ||   461
 Abil: Dig               |       |     1 |     3 ||     4
  Use: Scroll            |     4 |     5 |     1 ||    10
       Potion            |       |       |     7 ||     7
 Stab: Sleeping          |     2 |       |       ||     2
       Paralysed         |     1 |     2 |     2 ||     5
       Confused          |     2 |     2 |     2 ||     6
       Invisible         |       |       |     2 ||     2
  Eat: Chunk             |     1 |     4 |     3 ||     8
       Fruit             |       |     1 |       ||     1
       Beef jerky        |       |     1 |       ||     1
       Meat ration       |       |       |     1 ||     1

Vault maps used:
D:1:      dpeg_arrival_round_c, hex_intersection
D:2:      uniq_jessica, uniq_crazy_yiuf_cottage
D:4:      minmay_door_path, first_bread
D:5:      makhleb_grotto_becter, uniq_prince_ribbit1, uniq_natasha, uniq_iyjb

Notes
Turn   | Place    | Note
--------------------------------------------------------------
     0 | D:1      | ventricule, the Formicid Chaos Knight, began the quest for the Orb.
     0 | D:1      | Reached XP level 1. HP: 18/18 MP: 1/1
    16 | D:1      | XOM: potion effect (agility)
    61 | D:1      | Reached XP level 2. HP: 21/24 MP: 3/3
    79 | D:1      | XOM: silly message
   295 | D:1      | Reached skill level 4 in Long Blades
   295 | D:1      | Reached XP level 3. HP: 29/29 MP: 4/4
   843 | D:2      | XOM: smoke on damage
  1076 | D:2      | Noticed Crazy Yiuf
  1081 | D:2      | Killed Crazy Yiuf
  1081 | D:2      | Reached skill level 5 in Long Blades
  1081 | D:2      | Reached XP level 4. HP: 18/35 MP: 5/5
  1248 | D:2      | XOM: harmless Erth miscast
  1587 | D:2      | Noticed Jessica
  1594 | D:2      | Killed Jessica
  1608 | D:2      | Reached XP level 5. HP: 41/41 MP: 7/7
  1751 | D:2      | XOM: harmless Ice miscast
  2378 | D:3      | Reached skill level 1 in Shields
  2773 | D:4      | Reached skill level 6 in Long Blades
  2773 | D:4      | Reached skill level 2 in Shields
  2773 | D:4      | Reached XP level 6. HP: 40/47 MP: 8/8
  2872 | D:4      | Noticed an ogre
  2880 | D:4      | Killed an ogre
  3051 | D:4      | XOM: silly message
  3053 | D:4      | XOM: silly message
  3190 | D:4      | Noticed frag's ghost (average DrFi)
  3199 | D:4      | XOM: potion effect (agility)
  3211 | D:4      | Killed frag's ghost
  3211 | D:4      | Reached skill level 7 in Long Blades
  3211 | D:4      | Reached XP level 7. HP: 38/52 MP: 9/9
  3311 | D:5      | Entered Level 5 of the Dungeon
  3533 | D:4      | XOM: mild Hex miscast
  3596 | D:4      | Noticed an ogre
  3604 | D:4      | XOM: butterfly on damage
  3607 | D:4      | Killed an ogre
  3607 | D:4      | Reached skill level 8 in Long Blades
  3749 | D:4      | XOM: mild Fire miscast
  3767 | D:4      | XOM is BORED!
  3767 | D:4      | XOM: severe Trmt miscast
  4118 | D:4      | XOM: god gift: large ruby amulet {god gift}
  4280 | D:4      | XOM: vitrification
  4663 | D:5      | Noticed Ijyb
  4667 | D:5      | Killed Ijyb
  4667 | D:5      | Reached XP level 8. HP: 58/58 MP: 11/11
  4717 | D:5      | XOM: divination: magic mapping
  4749 | D:5      | Noticed Natasha
  4754 | D:5      | XOM: potion effect (heal wounds)
  4759 | D:5      | XOM: potion effect (invisibility)
  4762 | D:5      | Killed Natasha
  4784 | D:5      | XOM: mild Conj miscast
  4845 | D:5      | XOM: divination: detect items
  4864 | D:5      | Noticed Natasha
  4868 | D:5      | Killed Natasha
  5035 | D:5      | Noticed Natasha
  5042 | D:5      | Killed Natasha
  5102 | D:5      | Found a burning altar of Makhleb.
  5192 | D:5      | XOM: harmless Chrm miscast
  5226 | D:5      | XOM: harmless Divn miscast
  5369 | D:5      | Noticed Prince Ribbit
  5385 | D:5      | HP: 4/58 [Prince Ribbit (18)]
  5386 | D:5      | XOM: potion effect (heal wounds)
  5389 | D:5      | Identified 2 potions of resistance
  5394 | D:5      | XOM: potion effect (heal wounds)
  5395 | D:5      | HP: 2/58 [Prince Ribbit (20)]
  5397 | D:5      | Demolished by Prince Ribbit

Vanquished Creatures
  The ghost of frag the Ducker, an average DrFi of the Shining One (D:4)
  An ogre (D:4)
  A scorpion (D:4)
  A crimson imp (D:5)
  An orc priest (D:4)
  Crazy Yiuf (D:2)
  A giant frog skeleton (D:4)
  3 orc wizards
  Natasha (thrice) (D:5)
  An iguana (D:3)
  A worker ant (D:5)
  Ijyb (D:5)
  Jessica (D:2)
  4 adders
  5 worms
  An adder skeleton (D:4)
  2 giant geckos
  An ooze (D:1)
  4 orcs
  11 bats
  A bat zombie (D:5)
  6 giant cockroaches
  12 hobgoblins
  4 jackals (D:4)
  3 ball pythons
  6 giant newts
  11 goblins
  A jackal zombie (D:5)
  8 kobolds
  2 quokkas
  10 rats
109 creatures vanquished.

Vanquished Creatures (collateral kills)
  An ogre (D:4)
  An orc (D:4)
2 creatures vanquished.

Grand Total: 111 creatures vanquished
